[Event "Early-Titled-Tuesday-Blitz-March-12-2024"]
[Site "Chess.com"]
[Date "2024.03.12"]
[Round "3"]
[White "Road2GM3000"]
[Black "Byniolus"]
[Result "0-1"]
[WhiteElo "2488"]
[BlackElo "2817"]
[TimeControl "180+1"]
[EndTime "8:27:38 PDT"]
[Termination "Byniolus won by resignation"]

1. d4 d6 2. c4 e5 3. d5 f5 4. Nc3 Nf6 5. g3 Be7 6. Bg2 O-O 7. e4 fxe4 8. Nxe4 Nxe4 9. Bxe4 Nd7 10.
Ne2 Nc5 11. Bg2 Bf5 12. O-O a5 13. Nc3 Bd3 14. Re1 Bxc4 15. b3 Ba6 16. Ne4 b6 17. Nxc5 bxc5 18. Be4 Qe8 19. Qg4 Bc8 20. Qe2 a4 21.
Qc2 g6 22. Bh6 Rf7 23. bxa4 Bf8 24. Bxf8 Rxf8 25. Rab1 Qxa4 26. Rb2 Qxc2 27. Rxc2 Ra4 28. f3 Bf5 29. Rb2 Rfa8 30. Rb7 Bxe4 31. fxe4 R8a7 32. Rb8+ Kg7 33. Rf1 Rxe4 34. Rbf8 Rxa2 35. R8f7+ Kh6 36. Rxc7 Ree2 37. Rff7 Re1+ 38. Rf1 Rxf1+ 39. Kxf1 Rd2 0-1

[Event "Early-Titled-Tuesday-Blitz-March-12-2024"]
[Site "Chess.com"]
[Date "2024.03.12"]
[Round "3"]
[White "alexrustemov"]
[Black "ASKA538"]
[Result "1-0"]
[WhiteElo "2866"]
[BlackElo "2262"]
[TimeControl "180+1"]
[EndTime "8:27:39 PDT"]
[Termination "alexrustemov won by resignation"]

1. d4 Nf6 2. c4 g6 3. Nf3 Bg7 4. g3 O-O 5. Bg2 d5 6. cxd5 Nxd5 7. O-O c5 8. e4 Nf6 9. e5 Nd5 10.
dxc5 Na6 11. c6 bxc6 12. a3 Bf5 13. Re1 Qb6 14. Nd4 Bxb1 15. Rxb1 Nc3 16. bxc3 Qxb1 17. Nxc6 Rae8 18. f4 Qb5 19. Be3 Nc5 20. Qd5 Rc8 21.
Qxc5 Qxc5 22. Bxc5 Rc7 23. Nxe7+ Kh8 24. Bc6 Rfc8 25. Nxc8 Rxc6 26. Bxa7 Rxc8 27. Bd4 Bf8 28.
a4 Rc4 29. Ra1 Rc6 30. a5 Ra6 31. Bb6 Kg7 32. c4 f6 33. c5 fxe5 34. fxe5 Kf7 35. c6 Ra8 36. c7 Ke6 37. Rd1 Be7 38. Rd8 1-0

[Event "Early-Titled-Tuesday-Blitz-March-12-2024"]
[Site "Chess.com"]
[Date "2024.03.12"]
[Round "3"]
[White "DrRiebert"]
[Black "GeorgiosSouleidis"]
[Result "0-1"]
[WhiteElo "2387"]
[BlackElo "2659"]
[TimeControl "180+1"]
[EndTime "8:27:41 PDT"]
[Termination "GeorgiosSouleidis won on time"]

1. e4 c5 2. Nf3 e6 3. d4 cxd4 4. Nxd4 Nf6 5. Nc3 Nc6 6. Nxc6 bxc6 7. Bd3 d5 8. O-O Be7 9. Qe2 O-O 10. Bd2 a5 11. b3 Nd7 12. Na4 Ne5 13. Rfd1 c5 14. Bb5 d4 15. f4 Nd7 16. Nb2 Nb6 17. Qe1 Bb7 18. a4 Nc8 19. Nc4 Nd6 20. Bxa5 Qb8 21. Nxd6 Bxd6 22. e5 Bc7 23. Bxc7 Qxc7 24. Qe2 f6 25.
Re1 Bd5 26. Bd3 fxe5 27. Qxe5 Qb7 28. f5 exf5 29. Qg3 Rf6 30. Re2 Raf8 31. Qf4 Rg6 32. g3 Rg4 0-1

[Event "Early-Titled-Tuesday-Blitz-March-12-2024"]
[Site "Chess.com"]
[Date "2024.03.12"]
[Round "3"]
[White "Chessdude1987"]
[Black "pfalcon1949"]
[Result "1-0"]
[WhiteElo "2404"]
[BlackElo "1950"]
[TimeControl "180+1"]
[EndTime "8:27:41 PDT"]
[Termination "Chessdude1987 won by checkmate"]

1. e4 e6 2. d4 d5 3. exd5 exd5 4. Nf3 Nf6 5. Bd3 c5 6. Qe2+ Be7 7. dxc5 O-O 8. Be3 Re8 9. c3 Bxc5 10. Nd4 Bxd4 11. cxd4 Nc6 12. O-O Ng4 13. Qf3 Qh4 14.
h3 Nxe3 15. fxe3 Be6 16. Nc3 Rad8 17. Rae1 Re7 18. Ne2 Rde8 19. Nf4 Qg5 20. g3 Qh6 21. h4 Nb4 22. Bb1 Bd7 23. Kf2 Bc6 24. Rh1 a5 25. g4 Qf6 26. g5 Qd6 27. a3 Na6 28. Nd3 f6 29. gxf6 Rf7 30. Nf4 Rxf6 31. Rhg1 Ref8 32. Kg3 Nc7 33. Kh2 Ne6 34. Qg3 Nxf4 35. Qxg7# 1-0

[Event "Early-Titled-Tuesday-Blitz-March-12-2024"]
[Site "Chess.com"]
[Date "2024.03.12"]
[Round "3"]
[White "Switzerlamb"]
[Black "Fandorine"]
[Result "1/2-1/2"]
[WhiteElo "2559"]
[BlackElo "2948"]
[TimeControl "180+1"]
[EndTime "8:27:42 PDT"]
[Termination "Game drawn by agreement"]

1. Nf3 Nf6 2. c4 e6 3. Nc3 d5 4. d4 Be7 5. Bg5 O-O 6. e3 Ne4 7. Bxe7 Qxe7 8. Qc2 Nxc3 9. Qxc3 c6 10. Be2 Nd7 11.
O-O dxc4 12. Bxc4 b6 13. b4 Bb7 14. Be2 Rfc8 15. a3 h6 16. Rfc1 a5 17. Ne1 e5 18.
dxe5 Qxe5 19. Qxe5 Nxe5 20. Nd3 Nd7 21. Bf3 Rc7 22. g3 Kf8 23. h4 Ke7 24. Kg2 g6 25.
Nf4 Rac8 26. bxa5 bxa5 27. Rab1 Ne5 28. Nd5+ cxd5 29. Rxb7 Rxb7 30. Rxc8 Nxf3 31. Kxf3 Rb3 32.
Rc5 Rxa3 33. Rxd5 Ke6 34. Rb5 h5 35. Kf4 a4 36. e4 Kd6 37. Rb7 Ra2 38. f3 Ke6 39.
Rb6+ Ke7 40. Rb7+ Kf8 41. Ra7 a3 42. e5 Ke8 43. g4 hxg4 44. fxg4 Ra1 45. Kg5 a2 46. e6 fxe6 47. Kxg6 Rg1 48. Rxa2 Rxg4+ 49. Kf6 Rxh4 50. Kxe6 Rh6+ 51. Ke5 Kd7 1/2-1/2

[Event "Early-Titled-Tuesday-Blitz-March-12-2024"]
[Site "Chess.com"]
[Date "2024.03.12"]
[Round "3"]
[White "Sadykov_Ramil"]
[Black "Veleamater"]
[Result "1-0"]
[WhiteElo "2600"]
[BlackElo "2298"]
[TimeControl "180+1"]
[EndTime "8:27:43 PDT"]
[Termination "Sadykov_Ramil won by resignation"]

1. d4 d6 2. e4 g6 3. c4 Bg7 4. Nc3 Nf6 5. h3 O-O 6. Be3 Nc6 7. Qd2 e5 8. Nge2 Nd7 9. d5 Ne7 10. g4 f5 11. f3 a6 12. Nc1 Nf6 13. Bd3 Bd7 14.
Nb3 c6 15. dxc6 bxc6 16. Be2 fxe4 17. fxe4 d5 18. cxd5 cxd5 19. exd5 a5 20. Nc5 Bc8 21. d6 Nc6 22. O-O-O a4 23. d7 Nd4 24. dxc8=Q Rxc8 25. N5xa4 Ne4 26. Qd3 Qa5 27. Kb1 Nxe2 28. Qxe2 Nxc3+ 29. Nxc3 e4 30. Bd4 Bxd4 31. Rxd4 Rxc3 32. bxc3 Qxc3 33.
Qc4+ Qxc4 34. Rxc4 1-0

[Event "Early-Titled-Tuesday-Blitz-March-12-2024"]
[Site "Chess.com"]
[Date "2024.03.12"]
[Round "3"]
[White "ahkashefi2800"]
[Black "Happy1712Drummer"]
[Result "1-0"]
[WhiteElo "2644"]
[BlackElo "2376"]
[TimeControl "180+1"]
[EndTime "8:27:44 PDT"]
[Termination "ahkashefi2800 won on time"]

1. d4 d5 2. c4 e6 3. Nc3 c5 4. cxd5 exd5 5. Nf3 Nc6 6. e3 Nf6 7. Bb5 cxd4 8. Nxd4 Bd7 9. O-O Bd6 10. b3 O-O 11. Bb2 Re8 12. Bxc6 bxc6 13. Qc2 Bxh2+ 14. Kxh2 Ng4+ 15.
Kg1 Qh4 16. Nf3 Qh5 17. Ne2 Bf5 18. Ng3 Bxc2 19. Nxh5 f6 20. Rac1 Be4 21. Ng3 Rac8 22. Bd4 a6 23. Nxe4 dxe4 24. Nh2 Nh6 25. Rc5 Re6 26.
Rfc1 Nf7 27. Nf1 Nd8 28. Ra5 Ra8 29. Bc5 Nb7 30. Ra4 Re5 31. Bd4 Re6 32. Ng3 g6 33.
Ne2 a5 34. Nf4 Rd6 35. Rac4 Rc8 36. Bc5 Rd2 37. a4 Rb2 38. Bd4 Rxb3 39. Rxc6 Rf8 40. Ne6 Re8 41. Nc5 Nd8 42. Rxf6 Rb4 43. Nd7 Ne6 44.
Bc3 Rxa4 45. Ra1 Rxa1+ 46. Bxa1 a4 47. Bb2 a3 48. Bxa3 Kg7 49. Bb2 1-0

[Event "Early-Titled-Tuesday-Blitz-March-12-2024"]
[Site "Chess.com"]
[Date "2024.03.12"]
[Round "3"]
[White "margarita_2703"]
[Black "Alexander_Moskalenko"]
[Result "1-0"]
[WhiteElo "2406"]
[BlackElo "2852"]
[TimeControl "180+1"]
[EndTime "8:27:44 PDT"]
[Termination "margarita_2703 won by resignation"]

1. e4 Nf6 2. e5 Ng8 3. Nc3 Nc6 4.
Nf3 Nb8 5. d4 e6 6. Bd3 h6 7.
O-O d5 8. Ne2 Nd7 9. Ng3 c5 10. c3 Ne7 11. a3 c4 12. Bb1 Nc6 13. h4 Na5 14. Bc2 Qb6 15. h5 Nb3 16. Rb1 Nxc1 17.
Qxc1 Qc7 18. Nh2 Be7 19. f4 Nb6 20. f5 Bg5 21. Qd1 Bd7 22. Qg4 O-O-O 23. Nf3 exf5 24. Bxf5 f6 25. e6 Bc6 26. Nxg5 hxg5 27. e7+ Rd7 28. Rbe1 Re8 29. Bxd7+ Bxd7 30. Qf3 Qd6 31. Nf5 Bxf5 32. Qxf5+ Qd7 33. Re6 Kc7 34. Rfe1 Nc8 35. Qg6 Nd6 36. Qxg7 Ne4 37. R6xe4 dxe4 38. Rxe4 Qf5 39. Re1 Kd7 40.
Qf7 b5 41. h6 Qg4 42. Qd5+ Kc7 43. Qxb5 Qg3 44. Qxc4+ Kb7 45. Qd5+ Kc7 46. Qe6 g4 47. h7 Qh4 48. d5 g3 49. Qc6+ 1-0

[Event "Early-Titled-Tuesday-Blitz-March-12-2024"]
[Site "Chess.com"]
[Date "2024.03.12"]
[Round "3"]
[White "SilverSwords13"]
[Black "PepeCuenca"]
[Result "1-0"]
[WhiteElo "2496"]
[BlackElo "2690"]
[TimeControl "180+1"]
[EndTime "8:27:45 PDT"]
[Termination "SilverSwords13 won on time"]

1. d4 Nf6 2. Nf3 g6 3. Bf4 Bg7 4. e3 O-O 5. Be2 b6 6. h3 Bb7 7. O-O d6 8. c4 Nbd7 9. Nc3 e6 10. Bh2 Qe7 11. Rc1 a6 12. b4 Rad8 13. c5 e5 14. Re1 bxc5 15. bxc5 dxc5 16. Nxe5 Nb6 17. Bf3 Bxf3 18. Qxf3 Qe6 19. dxc5 Nbd5 20. Nxd5 Nxd5 21.
Nc4 Nc3 22. Na5 Nxa2 23. Rcd1 Bc3 24. Bxc7 Rc8 25. Bb6 Bxe1 26. Rxe1 Nb4 27. Rd1 Qa2 28. c6 Qe6 29. Bc5 Rfe8 30. Bxb4 Qa2 31. Rd7 Qe6 32. Rb7 h5 33. Nb3 h4 34. Nd4 Qc4 35. Qf6 Qd5 36.
Rd7 Ra8 37. Rxd5 1-0

[Event "Early-Titled-Tuesday-Blitz-March-12-2024"]
[Site "Chess.com"]
[Date "2024.03.12"]
[Round "3"]
[White "EpicPlayz282"]
[Black "Kotlyar_K"]
[Result "1-0"]
[WhiteElo "2345"]
[BlackElo "2608"]
[TimeControl "180+1"]
[EndTime "8:27:46 PDT"]
[Termination "EpicPlayz282 won on time"]

1. e4 c5 2. c3 e6 3. d4 d5 4. e5 Qb6 5. Nf3 Nc6 6. a3 c4 7. Nbd2 f6 8. exf6 Nxf6 9. Be2 Bd6 10. O-O O-O 11. Re1 e5 12. dxe5 Nxe5 13. Nxe5 Bxe5 14. Nf3 Bc7 15. Nd4 Ne4 16. Bf3 Qd6 17. g3 Bf5 18.
Nb5 Qc5 19. Nxc7 Qxf2+ 20. Kh1 Bh3 21. Qxd5+ Kh8 22. Qxe4 Rxf3 23. Rg1 Qe2 24. Qxe2 Re8 25. Qxe8+ 1-0

[Event "Early-Titled-Tuesday-Blitz-March-12-2024"]
[Site "Chess.com"]
[Date "2024.03.12"]
[Round "3"]
[White "szachuspl"]
[Black "Zhigalko_Sergei"]
[Result "0-1"]
[WhiteElo "2532"]
[BlackElo "2851"]
[TimeControl "180+1"]
[EndTime "8:27:47 PDT"]
[Termination "Zhigalko_Sergei won by resignation"]

1. d4 Nf6 2. c4 e6 3. Nf3 b6 4. g3 Ba6 5. b3 Bb4+ 6. Bd2 Be7 7. Bg2 c6 8. O-O d5 9. Nc3 Nbd7 10. cxd5 cxd5 11. Bf4 Rc8 12. Rc1 O-O 13. a4 Ba3 14. Rc2 Qe7 15. Ne5 Nxe5 16. Bxe5 Bb4 17. Nb5 Rxc2 18.
Qxc2 Rc8 19. Qb1 Bxb5 20. axb5 Qd7 21. Rc1 Rxc1+ 22. Qxc1 Qxb5 23. Qc8+ Bf8 24. Qc2 Ng4 25. Bf4 Qb4 26. e3 Qe1+ 27. Bf1 h6 28. h3 Nf6 29.
Kg2 Ne4 30. Bd3 Nc3 31. Bb8 a5 32. Bc7 Bb4 33. Bxb6 Qa1 34. Bc7 Qa3 35. h4 Qa1 36. Bf4 Qa3 37. g4 Qa2 38. Qxa2 Nxa2 39. Kf1 Kf8 40. g5 hxg5 41. hxg5 g6 42. Bc7 Kg8 43. Ke2 Nc1+ 44. Kd1 Nxd3 45. Ke2 Nc1+ 0-1

[Event "Early-Titled-Tuesday-Blitz-March-12-2024"]
[Site "Chess.com"]
[Date "2024.03.12"]
[Round "3"]
[White "nekotyanof"]
[Black "AlexandraSamaganova"]
[Result "1-0"]
[WhiteElo "2649"]
[BlackElo "2385"]
[TimeControl "180+1"]
[EndTime "8:27:47 PDT"]
[Termination "nekotyanof won by checkmate"]

1. e4 c5 2. Nf3 e6 3. Nc3 a6 4.
d4 cxd4 5. Nxd4 Qc7 6. g3 b5 7.
Bg2 Bb7 8. O-O Nc6 9. Bf4 Qb6 10. Nxc6 Bxc6 11. Be3 Qb7 12. Re1 Bb4 13. Bd4 f6 14.
a3 Be7 15. Qh5+ g6 16. Qe2 Nh6 17. Nd5 e5 18. Be3 Nf7 19. Rad1 Bxd5 20. Rxd5 O-O 21.
Red1 d6 22. Bh3 Kg7 23. f4 Rac8 24. Bxc8 Rxc8 25. c3 Nd8 26. Qg4 Rc4 27. fxe5 fxe5 28. Qf3 Qc8 29. Rxd6 Bxd6 30. Rxd6 Nf7 31. Qf6+ Kg8 32.
Bh6 Qc5+ 33. Kg2 Qxd6 34. Qg7# 1-0

[Event "Early-Titled-Tuesday-Blitz-March-12-2024"]
[Site "Chess.com"]
[Date "2024.03.12"]
[Round "3"]
[White "sergoy"]
[Black "kushagramohan"]
[Result "1-0"]
[WhiteElo "3008"]
[BlackElo "2777"]
[TimeControl "180+1"]
[EndTime "8:27:48 PDT"]
[Termination "sergoy won by resignation"]

1. d4 Nf6 2. c4 g6 3. Nc3 d5 4. cxd5 Nxd5 5. e4 Nxc3 6. bxc3 Bg7 7. Nf3 c5 8. Be3 Qa5 9. Qd2 Nc6 10. Rb1 a6 11. Rc1 cxd4 12. cxd4 Qxd2+ 13. Kxd2 e6 14. h4 O-O 15. Bd3 h6 16. h5 g5 17. e5 Rd8 18.
Nxg5 Nxd4 19. Ne4 Bxe5 20. Bxh6 f5 21. Nc5 Nc6 22. Bg5 Rd5 23. Ke2 Nd4+ 24. Kf1 b6 25.
Na4 Rd6 26. Be7 Rc6 27. Rxc6 Nxc6 28. Nxb6 Rb8 29. Bc5 Bd4 30. Bxd4 Nxd4 31. Nxc8 Rxc8 32. g3 Rc1+ 33. Kg2 Rxh1 34. Kxh1 a5 35. Kg2 Kg7 36.
f3 Kh6 37. g4 fxg4 38. fxg4 Kg5 39. Kf2 Nc6 40. Be2 Nb4 41. Bc4 e5 42. Kf3 Nc6 43.
Ke4 Ne7 44. Kxe5 Kxg4 45. Kf6 1-0

[Event "Early-Titled-Tuesday-Blitz-March-12-2024"]
[Site "Chess.com"]
[Date "2024.03.12"]
[Round "3"]
[White "WilsonPalencia21"]
[Black "enriquebutti"]
[Result "0-1"]
[WhiteElo "2561"]
[BlackElo "2231"]
[TimeControl "180+1"]
[EndTime "8:27:50 PDT"]
[Termination "enriquebutti won on time"]

1. d4 Nf6 2. Nf3 d5 3. c4 c6 4. Nc3 a6 5. c5 Nbd7 6. Bf4 g6 7. e3 Nh5 8. h4 Bg7 9. Qd2 O-O 10. Be2 Re8 11.
Ne5 Nxf4 12. exf4 f6 13. Nxd7 Bxd7 14. h5 e5 15. hxg6 hxg6 16. O-O-O exd4 17. Qxd4 f5 18. Qd3 Qa5 19. Bh5 gxh5 20. Rxh5 Qxc5 21. Qg3 d4 22.
Rg5 Re7 23. Rh1 dxc3 24. Qh4 cxb2+ 25. Kb1 Kf7 26. Rxg7+ Kxg7 27. Qh7+ Kf8 28. Qh8+ Kf7 29. Qh7+ Ke6 30. Re1+ Kd5 31. Rd1+ Kc4 32. Qh3 Kb5 33. Qb3+ Qb4 34. Qd3+ Ka5 35. a3 Qe4 0-1

[Event "Early-Titled-Tuesday-Blitz-March-12-2024"]
[Site "Chess.com"]
[Date "2024.03.12"]
[Round "3"]
[White "Alexchess1984"]
[Black "josephymwale33"]
[Result "1-0"]
[WhiteElo "2743"]
[BlackElo "2511"]
[TimeControl "180+1"]
[EndTime "8:27:51 PDT"]
[Termination "Alexchess1984 won by resignation"]

1. e4 d5 2. exd5 Nf6 3. d4 Bg4 4. f3 Bf5 5. c4 e6 6. dxe6 Nc6 7. Be3 fxe6 8. Nc3 Bb4 9. a3 Bxc3+ 10. bxc3 O-O 11. Bd3 Qe7 12. Ne2 Rad8 13. O-O Bxd3 14. Qxd3 Ne5 15. Qc2 Nxc4 16. Bf2 Nd5 17. Qd3 b5 18. a4 a6 19. axb5 axb5 20. Rfe1 Qg5 21. Ng3 Nf4 22. Qe4 e5 23. Ra7 exd4 24. Bxd4 h5 25. Qe7 Rde8 26. Qxg5 Rxe1+ 27. Nf1 Ne6 28. Qg3 Rd1 29. Rxc7 Rxd4 30. cxd4 1-0

[Event "Early-Titled-Tuesday-Blitz-March-12-2024"]
[Site "Chess.com"]
[Date "2024.03.12"]
[Round "3"]
[White "IsaqueGoncalvesSanto"]
[Black "jaskol95"]
[Result "1/2-1/2"]
[WhiteElo "1818"]
[BlackElo "2559"]
[TimeControl "180+1"]
[EndTime "8:27:53 PDT"]
[Termination "Game drawn by repetition"]

1. d4 d5 2. c4 e5 3. dxe5 d4 4. Nf3 Nc6 5. Bg5 Be7 6. Bf4 f6 7. exf6 Nxf6 8. h3 O-O 9. Nbd2 Bb4 10. a3 Be7 11. Qc2 a5 12. e3 Bc5 13. Nb3 Ba7 14.
c5 dxe3 15. Bxe3 Nd5 16. Bc4 Kh8 17. O-O-O Nce7 18. Bg5 Bf5 19. Qe2 Qe8 20. Bxd5 Nxd5 21. Qxe8 Raxe8 22. Rxd5 Be4 23. Rd4 Bxf3 24. gxf3 Rxf3 25.
Be3 h6 26. Kb1 b6 27. c6 b5 28. Rd7 Bxe3 29. fxe3 Rfxe3 30. Rxc7 Rxb3 31. Rb7 Re2 32. c7 Rexb2+ 33. Kc1 Rb1+ 34. Kc2 R1b2+ 35. Kc1 Rb1+ 36.
Kc2 R1b2+ 37. Kc1 1/2-1/2

[Event "Early-Titled-Tuesday-Blitz-March-12-2024"]
[Site "Chess.com"]
[Date "2024.03.12"]
[Round "3"]
[White "Zq1"]
[Black "David_George21"]
[Result "1-0"]
[WhiteElo "2557"]
[BlackElo "2293"]
[TimeControl "180+1"]
[EndTime "8:27:55 PDT"]
[Termination "Zq1 won by checkmate"]

1. d4 Nf6 2. c4 e6 3. g3 d5 4. Bg2 dxc4 5. Nf3 c5 6. O-O Nc6 7. dxc5 Qxd1 8. Rxd1 Bxc5 9. Nbd2 c3 10. bxc3 O-O 11.
Ng5 Rd8 12. Bb2 Bd7 13. Nde4 Nxe4 14. Nxe4 Be7 15. Nd6 Rab8 16. c4 Na5 17. Be5 f6 18.
Bc3 Nc6 19. c5 b6 20. cxb6 Rxb6 21. Nc4 Ra6 22. Rd2 Kf7 23. Nd6+ Bxd6 24. Rxd6 Be8 25. Rxd8 Nxd8 26. a3 Bc6 27. f3 Nb7 28. e4 Nc5 29. Bf1 Ra4 30. Bb4 Nd7 31. Rc1 Ne5 32. f4 Nf3+ 33. Kf2 Bxe4 34. Bb5 Rxb4 35. axb4 Nd4 36.
Rc7+ Kf8 37. Ba4 a6 38. Ke3 Nf5+ 39. Kxe4 Nd6+ 40. Kd4 Nb5+ 41. Bxb5 axb5 42. Kc5 e5 43. fxe5 fxe5 44. Kd5 e4 45. Kxe4 g5 46. g4 h6 47.
Kf5 Ke8 48. Ra7 Kd8 49. Kg6 Kc8 50. Rh7 Kb8 51. Kxh6 Kc8 52. Kxg5 Kd8 53. Kf5 Ke8 54. Ke5 Kf8 55. Kd5 Kg8 56. Ra7 Kh8 57. Kc5 Kg8 58. Kxb5 Kf8 59. Kc5 Ke8 60. Kd5 Kd8 61. Ke5 Kc8 62. Kf5 Kb8 63. Rh7 Ka8 64. h4 Kb8 65. h5 Kc8 66. h6 Kd8 67. Rg7 Ke8 68. g5 Kf8 69. b5 Ke8 70. b6 Kd8 71. b7 Ke8 72.
b8=Q# 1-0

[Event "Early-Titled-Tuesday-Blitz-March-12-2024"]
[Site "Chess.com"]
[Date "2024.03.12"]
[Round "3"]
[White "LeRoidesChampions"]
[Black "Rikikits"]
[Result "0-1"]
[WhiteElo "2619"]
[BlackElo "2874"]
[TimeControl "180+1"]
[EndTime "8:27:57 PDT"]
[Termination "Rikikits won by resignation"]

1. e4 c6 2. Nf3 d5 3. d3 g6 4. Nbd2 Bg7 5. c3 e5 6. g3 Ne7 7. Bg2 O-O 8. d4 dxe4 9. Nxe4 f5 10. Qb3+ Kh8 11. Neg5 e4 12. Ne5 Qd5 13. Qxd5 cxd5 14. Ngf7+ Kg8 15. Nh6+ Bxh6 16. Bxh6 Re8 17. h4 Nbc6 18. h5 Nxe5 19. dxe5 Nc6 20. hxg6 hxg6 21.
O-O-O Nxe5 22. Rxd5 Nd3+ 23. Kd2 Be6 24. Rd6 Nxf2 25.
Rh4 Rad8 26. Rxd8 Rxd8+ 27. Ke2 Ng4 28. Bg5 Rd7 29. Bh3 Bc4+ 30. Ke1 Ne5 31. Bg2 Nd3+ 32. Kf1 Nxb2+ 33. Kg1 Rh7 34. Rf4 Nd3 35. Rf1 Ne5 36. Rd1 Rd7 37. Rb1 Kf7 38. Bf4 Ke6 39.
Rb4 b5 40. a4 Nd3 41. Rb1 Nxf4 42. gxf4 bxa4 43. Rb4 Bb3 44. Bf1 Rd1 45. Kf2 Rc1 46. Be2 Rxc3 47. Rb7 a3 48. Rxa7 a2 49. Ra6+ Kd5 50.
Kg2 Rc2 51. Kh1 Rxe2 52. Ra5+ Kd4 53. Ra8 Ke3 54. Ra3 Kxf4 55. Kg1 g5 56. Kf1 Rb2 57. Kg1 g4 58. Ra5 g3 59. Kh1 Kg4 60. Ra8 f4 61. Rc8 e3 62. Rc1 0-1

[Event "Early-Titled-Tuesday-Blitz-March-12-2024"]
[Site "Chess.com"]
[Date "2024.03.12"]
[Round "3"]
[White "ViktoriyaTarasova"]
[Black "Maxfan2008"]
[Result "0-1"]
[WhiteElo "2303"]
[BlackElo "2595"]
[TimeControl "180+1"]
[EndTime "8:27:58 PDT"]
[Termination "Maxfan2008 won by resignation"]

1. d4 d5 2. c4 c6 3. Nf3 Nf6 4. Nc3 e6 5. Bg5 Nbd7 6. e3 Qa5 7.
Nd2 Bb4 8. Qc2 O-O 9. Be2 h6 10.
Bh4 Re8 11. O-O e5 12. Nb3 Qc7 13. Bg3 dxc4 14. Bxc4 Bxc3 15. bxc3 Nh5 16. Qg6 Nb6 17.
Bxe5 Nxc4 18. Qxh5 Nxe5 19. dxe5 Rxe5 20. Qe2 Be6 21. Nd4 Bd5 22. c4 Be4 23. f3 Bg6 24. Qf2 Rae8 25. e4 Qa5 26. Nb3 Qa3 27. Rfe1 a5 28. h3 a4 29. Nd4 f6 30. Rad1 Bf7 31.
Qc2 Rc5 32. Nf5 Rxc4 33. Qd2 Qc5+ 34. Kh1 Rc2 35. Qd3 Qf2 36. Rg1 Rxa2 37. Qd7 Rf8 38. Nd6 Rd2 39. Rxd2 Qxd2 40. Qe7 a3 41. Nf5 a2 42.
Nxh6+ Qxh6 0-1

[Event "Early-Titled-Tuesday-Blitz-March-12-2024"]
[Site "Chess.com"]
[Date "2024.03.12"]
[Round "3"]
[White "Casper"]
[Black "jodarmarlon1985"]
[Result "1-0"]
[WhiteElo "2495"]
[BlackElo "2262"]
[TimeControl "180+1"]
[EndTime "8:27:58 PDT"]
[Termination "Casper won on time"]

1. Nf3 Nf6 2. b3 d6 3. Bb2 e5 4. e3 Be7 5. d4 e4 6. Nfd2 O-O 7. c4 c6 8. Nc3 d5 9. Qc2 Re8 10. f3 exf3 11. gxf3 Bb4 12. e4 dxe4 13. fxe4 Qxd4 14. O-O-O Bg4 15. Nd5 Bxd1 16. Kxd1 Qxd2+ 17. Qxd2 Bxd2 18. Nxf6+ gxf6 19. Rg1+ Bg5 20. Bxf6 h6 21. h4 Nd7 22.
hxg5 Nxf6 23. gxf6+ Kf8 24. Rh1 Rxe4 25. Rxh6 Rd8+ 26. Kc2 Ke8 27. Bh3 Re6 28. Bxe6 fxe6 29. Rh7 Rd7 30. Rxd7 Kxd7 31. Kd3 c5 32. Ke4 Kd6 33.
a3 b6 34. b4 a6 35. Kf4 Kc6 36. f7 1-0

[Event "Early-Titled-Tuesday-Blitz-March-12-2024"]
[Site "Chess.com"]
[Date "2024.03.12"]
[Round "3"]
[White "CSB7"]
[Black "dropstoneDP"]
[Result "1/2-1/2"]
[WhiteElo "2781"]
[BlackElo "2997"]
[TimeControl "180+1"]
[EndTime "8:27:59 PDT"]
[Termination "Game drawn by repetition"]

1. e4 e5 2. Nf3 Nf6 3. Nxe5 d6 4.
Nf3 Nxe4 5. Nc3 Nxc3 6. dxc3 Be7 7. Be3 O-O 8. Qd2 Nd7 9. O-O-O Nf6 10. Bd3 Re8 11.
h4 d5 12. Kb1 c6 13. Ng5 h6 14.
f3 c5 15. g4 c4 16. Bf1 b5 17. Bd4 Rb8 18. Nxf7 Kxf7 19. g5 Qd6 20. Rg1 Bf5 21.
gxf6 Bxf6 22. Bxf6 Qxf6 23. Qxd5+ Kf8 24. a3 Qe5 25.
Qxe5 Rxe5 26. Kc1 Kf7 27. Bg2 Re2 28. Rd2 Rbe8 29. Rgd1 Rxd2 30. Kxd2 Rd8+ 31. Kc1 Re8 32. Kd2 Rd8+ 33. Kc1 Re8 34. Kd2 1/2-1/2

[Event "Early-Titled-Tuesday-Blitz-March-12-2024"]
[Site "Chess.com"]
[Date "2024.03.12"]
[Round "3"]
[White "crosky"]
[Black "NMJeevanK"]
[Result "1-0"]
[WhiteElo "2337"]
[BlackElo "2586"]
[TimeControl "180+1"]
[EndTime "8:27:59 PDT"]
[Termination "crosky won by checkmate"]

1. d4 d5 2. c4 e6 3. Nc3 Bb4 4.
cxd5 exd5 5. Nf3 c6 6. Bf4 Nf6 7. e3 h6 8. h3 Bf5 9. Bd3 Ne4 10. O-O Bxc3 11. bxc3 Nxc3 12. Qc2 Ne4 13. Rab1 Qe7 14. Ne5 O-O 15. f3 f6 16. fxe4 fxe5 17. Bxe5 Be6 18. Rxf8+ Qxf8 19. Rxb7 Nd7 20. exd5 Nxe5 21. dxe6 Nxd3 22.
Qxd3 Re8 23. Qg6 Re7 24. Rxe7 Qxe7 25. e4 a5 26. Kh1 a4 27. Kg1 a3 28. Qf7+ Qxf7 29.
exf7+ Kxf7 30. Kf2 Kf6 31. Ke3 Ke6 32. Kd3 g5 33. Kc4 h5 34. Kb3 g4 35. hxg4 hxg4 36.
g3 Kd6 37. Kxa3 c5 38. d5 Ke5 39. Kb3 Kxe4 40. d6 Kf3 41. d7 Kxg3 42. d8=Q Kf2 43. Kc4 g3 44. Qg5 g2 45. a4 Kf1 46. a5 Kf2 47. a6 Kf1 48. a7 Kf2 49. a8=Q g1=Q 50. Qxg1+ Ke2 51. Qag2# 1-0

[Event "Early-Titled-Tuesday-Blitz-March-12-2024"]
[Site "Chess.com"]
[Date "2024.03.12"]
[Round "3"]
[White "Viktor_Poddubnyi"]
[Black "GilbertoHernandezAmura"]
[Result "1-0"]
[WhiteElo "2254"]
[BlackElo "2453"]
[TimeControl "180+1"]
[EndTime "8:27:59 PDT"]
[Termination "Viktor_Poddubnyi won by resignation"]

1. e4 d5 2. exd5 Nf6 3. c4 c6 4. d4 cxd5 5. Nc3 e6 6. Nf3 Be7 7. cxd5 Nxd5 8. Bc4 Nb6 9. Bb3 O-O 10. O-O Nc6 11. a3 Bf6 12. Be3 Na5 13. Bc2 Nac4 14. Qd3 g6 15. Bh6 Nxb2 16. Qe2 Re8 17. Bxg6 hxg6 18.
Qxb2 Nc4 19. Qe2 Nd6 20. Ne4 Nxe4 21. Qxe4 Qd5 22. Qe3 b6 23. Ne5 Bb7 24. f3 Rad8 25. Rad1 Bxe5 26. dxe5 Qc5 27. Qxc5 bxc5 28. Bg5 Rd5 29. Bf6 c4 30. Rc1 Rc8 31. Rc3 Ba6 32.
f4 Bb5 33. Rh3 1-0

[Event "Early-Titled-Tuesday-Blitz-March-12-2024"]
[Site "Chess.com"]
[Date "2024.03.12"]
[Round "3"]
[White "Grandelicious"]
[Black "KChor05"]
[Result "0-1"]
[WhiteElo "2870"]
[BlackElo "2633"]
[TimeControl "180+1"]
[EndTime "8:28:00 PDT"]
[Termination "KChor05 won on time"]

1. Nf3 c5 2. e3 g6 3. d4 cxd4 4. exd4 Bg7 5. Bd3 Nf6 6. O-O O-O 7. h3 d5 8. Re1 Nc6 9. c3 Qc7 10. Nbd2 Nd7 11. Bf1 e5 12. dxe5 Ndxe5 13. Nxe5 Nxe5 14. Nb3 Rd8 15. Bf4 Bf5 16. Nd4 Bd7 17. Re3 Re8 18. Qb3 Qc5 19. Rae1 Nc6 20. Qxb7 Nxd4 21. Qxd7 Ne6 22.
Bg3 Rad8 23. Qa4 d4 24. cxd4 Bxd4 25. R3e2 Qg5 26. Kh1 h5 27. Re4 Qd2 28. Bc4 Bxf2 29. Bxf2 Qxf2 30. Bxe6 fxe6 31. R4e2 Qf7 32. Qa6 e5 33.
Re3 e4 34. Qe2 Rd4 35. b3 Qd5 36. Qf1 Rf8 37. Qa6 Qg5 38. Qe2 Rf4 39. Qa6 Rf2 40. Rg1 Qxe3 41. Qxg6+ Kf8 0-1

[Event "Early-Titled-Tuesday-Blitz-March-12-2024"]
[Site "Chess.com"]
[Date "2024.03.12"]
[Round "3"]
[White "suyu28"]
[Black "bazar-wokzal"]
[Result "1-0"]
[WhiteElo "2893"]
[BlackElo "2547"]
[TimeControl "180+1"]
[EndTime "8:28:00 PDT"]
[Termination "suyu28 won by checkmate"]

1. d4 Nf6 2. c4 Nc6 3. Nf3 e6 4. g3 Bb4+ 5. Nbd2 a5 6. Bg2 d6 7. O-O e5 8. e3 Bg4 9. h3 Bxd2 10. Qxd2 Bh5 11. b3 O-O 12. Bb2 Re8 13. a3 e4 14.
Nh2 d5 15. Rfc1 Ne7 16. Bc3 c6 17. c5 g5 18. b4 axb4 19. axb4 Qd7 20. Ra5 Qc7 21.
Rca1 Rxa5 22. bxa5 Ra8 23. Rb1 Nd7 24. Qb2 Ra7 25.
Bf1 f5 26. Bd2 Bf3 27. Nxf3 exf3 28. Bd3 h5 29. Qc2 h4 30. gxh4 gxh4 31. Kh1 Nf6 32.
Rg1+ Kf7 33. Bxf5 Ra8 34. Bg6+ Ke6 35. e4 Rg8 36. e5 Ne4 37. Bxe4 dxe4 38. Rxg8 Nxg8 39.
Qc4+ Kf5 40. Qxg8 Qd7 41. Qg4# 1-0